Map: Hard Lead LE

Players

yuedatte

  • Race: Zerg Zerg
  • Spawn Location: 5:00

VOD

Have the link to the VOD?

Description

Time

  • Played on: Feb. 18, 2024, 3 p.m.
  • Length: 22:48
Show
View Real Time Build Order
Export as new Build Order

yuedatte Zerg 

Build Orders:  

Get SALT Encoding   

  12  0:01  Drone  
  13  0:18  Overlord  
  13  0:36  Drone  
  14  0:44  Drone x2  
  16  0:52  Drone  
  17  1:10  Spawning Pool  
  17  1:16  Extractor, Drone  
  16  1:43  Hatchery  
  16  1:46  Drone  
  16  2:09  Drone x3  
  19  2:30  Drone  
  19  2:37  Queen  
  22  2:45  Overlord  
  22  3:07  Overlord  
  22  3:23  Zergling x2  
  23  3:34  Zergling x4  
  25  3:42  Drone x2  
  27  3:53  Queen  
  27  3:57  Drone x2  
  31  4:18  Drone x2  
  33  4:27  Drone x2  
  35  4:38  Roach Warren  
  34  4:40  Drone  
  34  4:42  Drone  
  34  4:43  Drone x2  
  34  4:49  Overlord  
  29  5:29  Zergling x2  
  25  5:30  Zergling x8  
  25  5:31  Zergling x4  
  29  5:49  Roach x4  
  36  6:06  Roach  
  36  6:07  Roach  
  33  6:28  Roach x3  
  39  6:31  Drone x3  
  39  6:38  Queen  
  44  6:43  Drone x2  
  46  7:09  Zergling x2  
  47  7:38  Drone x4  
  47  7:39  Drone  
  52  7:49  Overlord x3  
  51  8:34  Lair  
  51  8:39  Drone  
  53  8:40  Drone x4  
  52  8:43  Roach x2  
  52  8:44  Roach x3  
  66  8:56  Roach  
  66  8:58  Roach  
  70  9:16  Drone x3  
  70  9:17  Drone  
  74  9:35  Extractor  
  73  9:56  Overlord x2  
  73  9:57  Overlord  
  73  10:06  Overlord x2  
  73  10:07  Overlord  
  73  10:39  Roach x4  
  81  10:40  Roach  
  81  10:43  Roach  
  85  10:51  Glial Reconstitution  
  85  11:00  Roach  
  85  11:01  Roach x4  
  95  11:11  Extractor  
  95  11:16  Roach x4  
  95  11:17  Roach  
  104  12:02  Roach  
  104  12:03  Roach x4  
  104  12:04  Roach  
  104  12:06  Overlord  
  104  12:07  Overlord x2  
  116  12:16  Hatchery  
  115  14:12  Roach x2  
  115  14:13  Roach x4  
  115  14:14  Roach x4  
  115  14:15  Roach x5  
  117  14:57  Roach  
  117  14:58  Roach x5  
  117  14:59  Roach x4  
  103  15:00  Roach x4  
  97  15:16  Roach x3  
  106  15:57  Extractor  
  107  16:31  Roach x4  
  107  16:32  Roach  
  121  17:48  Roach  
  121  17:49  Roach x4  
  131  17:50  Roach x5  
  141  18:32  Drone x2  
  141  18:37  Drone x2  
  141  18:38  Drone  
  146  18:52  Overlord x2  
  146  18:53  Overlord x2  
  146  19:51  Overlord x4  
  146  19:56  Drone  
  146  19:57  Drone x3  
  150  20:14  Roach x3  
  150  20:15  Roach x5  
  150  20:16  Roach x4  
  150  20:17  Roach x4  
  52  22:04  Hydralisk Den  
  51  22:34  Extractor  
  51  22:36  Extractor  
  36  22:40  Hatchery  
  36  22:41  Spore Crawler  
  36  22:46  Spore Crawler  
Tags
 
Add a new tag
Caveats
  • Supply blocks, unpowered buildings, or Contaminate may cause inaccurate times.
  • Supply counts are checked every 10 seconds.